 Dungeon Crawl Stone Soup version 0.30-a0-782-ge64f9170bb (webtiles) character file.

Game seed: 5218877386960552197

339 sanka the Shooter (level 6, 30/30 HPs)
             Began as a Spriggan Hunter on Mar 18, 2023.
             Quit the game on level 4 of the Dungeon.
             The game lasted 00:04:11 (2500 turns).

sanka the Shooter (Spriggan Hunter)                 Turns: 2500, Time: 00:04:12

Health: 30/30      AC:  2    Str:  7    XL:     6   Next: 29%
Magic:  7/7        EV: 20    Int: 16    God:
Gold:   79         SH:  0    Dex: 21    Spells: 5/5 levels left

rFire   . . .      SeeInvis +    a - +0 shortbow
rCold   . . .      Faith    .    (shield currently unavailable)
rNeg    . . .      Spirit   .    c - +0 robe
rPois   .          Reflect  .    (helmet restricted)
rElec   .          Harm     .    (no cloak)
rCorr   .          Rampage  .    (gloves unavailable)
Will    +....                    (boots unavailable)
Stlth   ++                       (no amulet)
HPRegen 0.25/turn                (no ring)
MPRegen 0.10/turn                p - +6 ring of intelligence

@: very quick
A: very small, no large weapons, unfitting armour, see invisible, speed 3
a: no special abilities


You were on level 4 of the Dungeon.
You visited 1 branch of the dungeon, and saw 4 of its levels.

You collected 159 gold pieces.
You spent 80 gold pieces at shops.


Innate Abilities, Weirdness & Mutations

You are very small and have problems with some larger weapons.
You are too small for most types of armour.
You have supernaturally acute eyesight. (SInv)
You cover ground extremely quickly. (Speed+++)


   Skills:
 - Level 2.0 Fighting
 * Level 6.6 Ranged Weapons
 + Level 5.2 Dodging
 - Level 1.5 Stealth


You had 5 spell levels left.
You didn't know any spells.
Your spell library contained the following spells:

 Spells                   Type           Power      Damage    Failure   Level
 Freeze                   Ice            0%         1d3       26%         1
 Ensorcelled Hibernation  Hex/Ice        0%         N/A       36%         2
 Passwall                 Tmut/Erth      0%         N/A       36%         2
 Frozen Ramparts          Ice            0%         1d1       58%         3
 Hailstorm                Conj/Ice       0%         3d3       58%         3
 Swiftness                Air            0%         N/A       58%         3
 Conjure Ball Lightning   Conj/Air       0%         3x3d6     100%        6
 Discord                  Hex            0%         N/A       100%        8
 Disjunction              Tloc           0%         N/A       100%        8

Inventory:

Hand Weapons
 a - a +0 shortbow (weapon)
Armour
 c - a +0 robe (worn)
Magical Staves
 m - a staff of cold
Jewellery
 p - a +6 ring of intelligence (right hand)
Scrolls
 b - a scroll of immolation {!r}
 d - 2 scrolls of blinking {unknown}
 f - 7 scrolls of identify {unknown}
 h - 2 scrolls of fog {unknown}
 i - 3 scrolls of noise {unknown}
 k - 2 scrolls of teleportation {unknown}
 s - 3 scrolls of amnesia {unknown}
Potions
 e - 2 potions of might {unknown}
 g - 3 potions of curing {@q1}
 j - 2 potions of attraction {unknown}
 l - 3 potions of invisibility {unknown}
 n - a potion of brilliance {unknown}
 o - a potion of flight {unknown}
 q - a potion of ambrosia {unknown}
 r - 2 potions of lignification {unknown}
 t - a potion of heal wounds {@q2}

Dungeon Overview and Level Annotations

Branches:
Dungeon (4/15)
 Temple: D:4-7

Altars:

Shops:
D:4 :!=[

▒.........▒▒ ...... ▒▒▒
▒▒▒.....▒▒▒ ...... ..▒
▒.....▒ ......▒ ...
.▒▒▒▒▒▒▒▒ ....... ..▒▒.▒
▒ .......♣.....▒ ▒▒▒
......♣.♣...▒ ▒▒▒▒..
▒...♣...♣..▒▒▒ ▒▒..... .
♣..i..♣...▒ ▒......
▒...♣...♣....▒▒▒▒......
......♣.♣.....+..▒......
.▒▒▒...♣......▒........▒
▒▒▒...........▒▒....▒
▒▒.▒▒.▒▒...▒▒▒...▒▒
▒....▒.........▒▒
▒...▒▒.▒▒▒▒.▒▒▒▒▒▒ ▒.▒▒
▒.▒ ..▒


There were no monsters in sight!


Message History

Found a pair of gloves.
A kobold comes into view. It is wielding a +0 whip.
The kobold shouts!
A kobold is nearby!
A kobold is nearby!
You shoot an arrow. The arrow hits the kobold.
You kill the kobold!
No target in view!
No target in view!
No target in view!
Things that are here:
a +0 whip; a kobold corpse
Found God Joff's Antique Armour Boutique.
Found a stone staircase leading down.
There is a stone staircase leading down here.
There is an entrance to God Joff's Antique Armour Boutique here.
There is a fountain of clear blue water here.
You open the door.
There is an open door here.
There is a stone staircase leading up here.
Found a purple potion.
Found Iboufuul's Book Shoppe.
Found 12 gold pieces.
l - 3 purple potions (gained 1)
Found an escape hatch in the ceiling.
You now have 79 gold pieces (gained 12).
There is an entrance to Iboufuul's Book Shoppe here.
Unknown command.
Are you sure you want to abandon this character and quit the game? (Confirm with "yes".)

Action                     |  1- 3 |  4- 6 || total
---------------------------+-------+-------++-------
   Fire: Shortbow          |    99 |    96 ||   195
 Armour: Robe              |     4 |     1 ||     5
  Dodge: Dodged            |    24 |    20 ||    44

Levels and vault maps discovered:
D:1:      dpeg_arrival_brainrot, layout_basic, st_stairs_13
D:2:      layout_basic, minmay_misc_feat_enclosed
D:3:      layout_basic, uniq_grinder, uniq_terence
D:4:      layout_basic, serial_shops, nicolae_diamond_shop,
          nicolae_shop_temple_entry_statues_fountains, shop_fountains, shop

Notes
Turn   | Place    | Note
-------+----------+-------------------------------------------
     0 | D:1      | sanka the Spriggan Hunter began the quest for the Orb.
     0 | D:1      | Reached XP level 1. HP: 10/10 MP: 2/2
   110 | D:1      | Reached skill level 2 in Fighting
   159 | D:1      | Reached XP level 2. HP: 5/15 MP: 3/3
   469 | D:1      | Reached skill level 3 in Dodging
   788 | D:2      | Reached XP level 3. HP: 18/18 MP: 4/4
  1337 | D:2      | Reached skill level 5 in Ranged Weapons
  1434 | D:2      | Reached XP level 4. HP: 23/23 MP: 5/5
  1492 | D:3      | Noticed Grinder
  1509 | D:3      | Paralysed by Grinder for 5 turns
  1522 | D:3      | Paralysed by Grinder for 2 turns
  1525 | D:3      | Killed Grinder
  1526 | D:3      | Reached skill level 6 in Ranged Weapons
  1526 | D:3      | Reached skill level 5 in Dodging
  1526 | D:3      | Reached XP level 5. HP: 19/26 MP: 6/6
  1526 | D:3      | Reached XP level 6. HP: 22/30 MP: 7/7
  1581 | D:3      | Noticed Terence
  1636 | D:3      | Killed Terence
  2210 | D:4      | Found Naakh's Distillery.
  2225 | D:4      | Bought a potion of heal wounds for 50 gold pieces
  2225 | D:4      | Bought a potion of curing for 30 gold pieces
  2238 | D:4      | Found Fifuenuh's Jewellery Boutique.
  2420 | D:4      | Found God Joff's Antique Armour Boutique.
  2486 | D:4      | Found Iboufuul's Book Shoppe.
  2500 | D:4      | Quit the game

Vanquished Creatures
  Grinder (D:3)
  Terence (D:3)
  4 adders
  An orc (D:2)
  6 endoplasms
  8 giant cockroaches
  6 goblins
  7 hobgoblins
  5 jackals
  8 kobolds
  6 quokkas
  9 ball pythons
  5 bats
  A frilled lizard (D:1)
  4 rats
72 creatures vanquished.
